 Dungeon Crawl Stone Soup version 0.22-a0-608-g8a62e23 (webtiles) character file.

245112 galech the Warrior (level 19, -3/214 HPs)
             Began as an Ogre Berserker on July 9, 2018.
             Was the Champion of Trog.
             Shot with a bolt by a naga sharpshooter (4 damage)
             ... on level 4 of the Snake Pit.
             The game lasted 01:31:46 (51406 turns).

galech the Warrior (Ogre Berserker)                Turns: 51406, Time: 01:31:46

Health: -3/214     AC: 12    Str: 26    XL:     19   Next: 92%
Magic:  19/19      EV: 14    Int:  8    God:    Trog [******]
Gold:   2517       SH: 25    Dex: 11    Spells: 18/18 levels left

rFire    + . .     SeeInvis .   J - +1 demon whip of Sitinul {slash, rPois rC+ rN+}
rCold    + + .     Gourm    .   r - +3 large shield {AC+3}
rNeg     + . .     Faith    .   T - +4 robe of the King of the Hill {rElec rPois MR+++ Dex-3}
rPois    +         Spirit   .   O - +2 hat
rElec    +         Reflect  .   (no cloak)
rCorr    .         Harm     .   (gloves unavailable)
MR       +++++                  (boots unavailable)
Stlth    +++.......             S - amulet of the acrobat
HPRegen  1.45/turn              h - ring of protection from cold
MPRegen  0.16/turn              F - ring of protection from fire

@: lethally poisoned (-3 -> -3), about to teleport, berserk cooldown,
regenerating, slowed, constricted, very slow
A: large, unfitting armour, tough skin 1
}: 1/15 runes: decaying
a: Berserk, Trog's Hand, Brothers in Arms, Renounce Religion


You were on level 4 of the Snake Pit.
You worshipped Trog.
Trog was exalted by your worship.
You were not hungry.

You visited 7 branches of the dungeon, and saw 35 of its levels.
You also visited: Sewer and Ossuary.

You collected 3938 gold pieces.
You spent 1421 gold pieces at shops.

Inventory:

Hand Weapons
 g - the +4 hand crossbow "Ox" {elec, Int+3, unknown}
   (Trog gifted it to you on level 2 of the Depths)

   It charges the ammunition it shoots with electricity; occasionally upon a
   hit, such missiles may discharge and cause terrible harm.
   It affects your intelligence (+3).
 J - the +1 demon whip of Sitinul (weapon) {slash, rPois rC+ rN+}
   (Trog gifted it to you on level 1 of the Lair of Beasts)

   It inflicts extra damage upon your enemies.
   It protects you from cold.
   It protects you from poison.
   It protects you from negative energy.
 K - the +5 mace "Jysy" {freeze, rPois Str+3 Dex+4}
   (You found it on level 8 of the Dungeon)

   It has been specially enchanted to freeze those struck by it, causing extra
   injury to most foes and up to half again as much damage against particularly
   susceptible opponents.
   It can also slow down cold-blooded creatures.
   It affects your strength (+3).
   It affects your dexterity (+4).
   It protects you from poison.
 P - the +7 giant spiked club "Beacloh" {elec, Str+4}
   (Trog gifted it to you on level 11 of the Dungeon)

   Occasionally, upon striking a foe, it will discharge some electrical energy
   and cause terrible harm.
   It affects your strength (+4).
 W - a +2 antimagic demon whip
Armour
 f - the +2 cloak of the Thief {+Fog Slay-2 SInv Stlth+}
   (You found it on level 4 of the Swamp)

   It affects your accuracy and damage with ranged weapons and melee attacks
   (-2).
   It lets you see invisible.
   It makes you more stealthy.
 i - a +0 cloak of poison resistance
 r - a +3 large shield of protection (worn)
 O - a +2 hat (worn)
 T - the +4 robe of the King of the Hill (worn) {rElec rPois MR+++ Dex-3}
   (You found it on level 2 of the Lair of Beasts)

   It affects your dexterity (-3).
   It insulates you from electricity.
   It protects you from poison.
   It affects your resistance to hostile enchantments.
 V - the +4 robe of Limited Liability {rF+ rC+}
   (You found it on level 3 of the Lair of Beasts)

   It protects you from fire.
   It protects you from cold.
Jewellery
 h - a ring of protection from cold (left hand)
 o - the ring of Sacorch {rPois rF- rC+ rN+ SInv}
   (You found it on level 1 of the Depths)

   [ring of positive energy]

   It makes you vulnerable to fire.
   It protects you from cold.
   It protects you from poison.
   It protects you from negative energy.
   It lets you see invisible.
 D - an uncursed ring of protection from fire
 F - a ring of protection from fire (right hand)
 G - a +5 ring of intelligence
 L - an uncursed ring of see invisible
 S - an amulet of the acrobat (around neck)
 X - a +3 ring of evasion
 Z - an uncursed ring of resist corrosion
Wands
 a - a wand of digging (14)
Scrolls
 b - a scroll of silence
 k - 7 scrolls of blinking
 l - 8 scrolls of enchant armour
 m - a scroll of holy word
 s - 4 scrolls of fear
 t - 5 scrolls of teleportation
 w - 10 scrolls of remove curse
 y - 2 scrolls of summoning
 B - 20 scrolls of identify
 C - 7 scrolls of magic mapping
 E - 9 scrolls of enchant weapon
 I - a scroll of acquirement
 U - 10 scrolls of fog
Potions
 d - 8 potions of flight
 e - 4 potions of haste
 j - 7 potions of agility
 n - 8 potions of might
 p - 6 potions of lignification
 q - 16 potions of curing
 u - 6 potions of brilliance
 v - 5 potions of magic
 x - a potion of invisibility
 z - 6 potions of mutation
 A - 4 potions of berserk rage
 H - 7 potions of heal wounds
 N - a potion of cancellation
Comestibles
 c - 31 rations


   Skills:
 + Level 18.7 Fighting
 + Level 15.4 Maces & Flails
 + Level 14.7 Dodging
 + Level 6.6 Stealth
 + Level 18.4 Shields
 + Level 0.1 Evocations


You had 18 spell levels left.
You didn't know any spells.
Your spell library was empty.

Dungeon Overview and Level Annotations

Branches:
Dungeon (15/15)            Temple (0/1) D:6            Lair (6/6) D:9
  Swamp (4/4) Lair:2        Snake (4/4) Lair:2        Slime (0/5) Lair:6
    Orc (2/2) D:11            Elf (2/3) Orc:2        Vaults (0/5) D:14
 Depths (2/5) D:15

Altars:
Cheibriados
Elyvilon
Fedhas
Kikubaaqudgha
Makhleb
Nemelex Xobeh
Qazlal
Sif Muna
Trog
Uskayaw
Vehumet
Zin
Beogh
Jiyva

Shops:
D:13 !   D:14 ?   D:15 ?   Orc:1 [   Orc:2 %[%:   Snake:1 =}}   Snake:2 !

Portals:
Hell: Depths:1


Innate Abilities, Weirdness & Mutations

You are too large for most types of armour.
You have tough skin. (AC +1)


Message History

You block the naga ritualist's attack.
* * * LOW HITPOINT WARNING * * *
The naga ritualist constricts you.
The naga sharpshooter casts a spell.
The naga sharpshooter magically shoots a bolt.
The bolt hits you!!
* * * LOW HITPOINT WARNING * * *
x2 The lindwurm closely misses you. x2
The lindwurm claws you but does no damage.
You block the guardian serpent's attack.
The naga closely misses you. The naga ritualist spits poison at you.
The splash of poison misses you.
* * * LOW HITPOINT WARNING * * *
The naga ritualist constricts you.
The naga sharpshooter casts a spell.
The naga sharpshooter magically shoots a bolt.
The bolt hits you!!
* * * LOW HITPOINT WARNING * * *
You die...

.N .. ##. #. ...####.. #######
#N#.. #^().. .)))..#
..'#####(#(.. .≈#)..##
##...#§§≈.)##.. ≈§##...##
##...##§§≈))#..: ≈§≈##...###
###N..##§§§§.##..#
.§.≈##..)(######(kN.##≈≈§§.##...#
..≈≈§##...)(.()N@..##≈≈≈..##..###
#..§§≈##.....)))NS##≈≈≈..##..###
##..≈≈§###......###§≈≈.)##(....#
##...≈≈≈########≈≈≈...##......#
##...≈≈≈≈§≈§§§≈≈≈...###.##...#
#####))≈≈≈≈§§§§≈§≈≈..###.)######
....#.....§≈≈§§≈§....# #)##
###.#...§..≈≈§≈......###.# #
#.#.......≈§§......##..#


You could see a nagaraja, a naga sharpshooter, a naga ritualist, a lindwurm, a
guardian serpent, a naga mage and a naga.

Vanquished Creatures
  Rupert (Lair:5)
  8 nagarajas
  The ghost of Zuyrom the Brawler, a journeyman TrFi of Ashenzari (Snake:2)
  Roxanne (D:15)
  A frost giant (Depths:1)
  2 orc warlords
  An emperor scorpion (D:14)
  4 stone giants
  Azrael (D:15)
  6 spark wasps
  A deep elf annihilator (Orc:2)
  A dire elephant (D:15)
  2 ettins
  A deep elf death mage (Elf:1)
  A death ooze (Lair:2)
  4 fire dragons
  Josephine (D:10)
  Fannar (Lair:3)
  2 rakshasas (Depths:1)
  A great orb of eyes (Depths:1)
  4 ice dragons
  Harold (D:10)
  The ghost of Etiuwnuo the Spear-Bearer, a journeyman DrFi of Qazlal (Lair:2)
  8 naga warriors
  2 ghost crabs
  24 hydras
  2 ogre magi
  Erica (D:10)
  3 anacondas
  17 alligators
  3 centaur warriors
  13 death yaks
  9 two-headed ogres
  3 tengu warriors
  8 naga sharpshooters
  7 dancing weapons
  Urug (D:14)
  An orc high priest (Orc:2)
  Nergalle (Lair:1)
  10 shock serpents
  6 spriggans
  5 deep elf knights
  3 salamander mystics
  A skeletal warrior (Depths:2)
  A spriggan druid (Swamp:2)
  A death drake (Depths:2)
  2 shadow wraiths (Depths:2)
  2 unseen horrors
  3 naga ritualists
  An obsidian statue (D:14)
  A glowing orange brain (Depths:1)
  10 swamp dragons
  2 flayed ghosts (Depths:2)
  2 wizards
  6 deep elf archers
  5 lindwurms
  4 shambling mangroves
  A phantasmal warrior (Depths:2)
  An orange crystal statue (Depths:2)
  A mana viper (shapeshifter) (Elf:1)
  5 ugly things (Depths:1)
  9 orc knights
  An orc sorcerer (Orc:2)
  7 mana vipers
  3 cyclopes
  An orb spider (shapeshifter) (D:14)
  26 deep elf magi
  2 manticores
  4 salamanders
  23 slime creatures
  11 elephants
  28 black mambas
  19 naga magi
  5 torpor snails (Lair:6)
  An eye of devastation (shapeshifter) (Depths:1)
  A spiny frog (shapeshifter) (Depths:1)
  3 gargoyles
  A guardian serpent (Snake:4)
  17 spiny frogs
  2 yaktaurs
  7 rime drakes
  7 komodo dragons
  2 tengu conjurers
  3 polar bears
  8 trolls
  13 tyrant leeches
  The ghost of TheNamelessOne the Skirmisher, an amateur HuAK of Lugonu (D:3)
  Grinder (D:3)
  20 hornets
  3 raiju (Depths:2)
  31 blink frogs
  7 dream sheep (Lair:4)
  14 bog bodies
  7 hippogriffs
  5 shadows
  2 vampires
  53 yaks
  2 air elementals (Elf:1)
  9 wraiths
  6 water elementals
  6 wyverns
  4 basilisks
  15 humans (D:14)
  33 vampire mosquitoes
  Grum (D:10)
  2 fire elementals (D:15)
  2 hungry ghosts (D:14)
  3 steam dragons
  Menkaure (Ossuary)
  12 swamp worms
  18 wargs
  An acid dragon (Lair:6)
  21 nagas
  11 insubstantial wisps
  10 hell hounds
  16 water moccasins
  17 porcupines
  43 orc warriors
  3 phantoms
  4 sky beasts
  18 swamp drakes
  A black bear (D:8)
  16 ice beasts
  11 centaurs
  16 ogres
  28 wolves
  26 crocodiles
  5 big kobolds
  10 bullfrogs
  A wyvern zombie (D:8)
  A scorpion (D:8)
  9 killer bees
  A spectral ogre (Depths:2)
  2 howler monkeys (D:13)
  6 crimson imps
  2 bullfrog zombies
  2 spectral centaurs (Depths:2)
  4 hounds
  13 jellies
  2 centaur zombies
  16 orc priests
  2 bullfrog skeletons
  3 centaur skeletons
  13 orc wizards
  Crazy Yiuf (D:4)
  An iron imp (Depths:1)
  5 iguanas
  13 worker ants
  3 mummies (Ossuary)
  2 worker ant zombies
  2 howler monkey skeletons
  10 gnolls
  A river rat (D:3)
  12 adders
  2 shadow imps
  3 oozes
  An adder zombie (D:9)
  2 adder skeletons
  2 worms
  2 dart slugs (D:1)
  6 leopard geckos
  103 orcs
  5 giant cockroaches
  11 goblins
  13 hobgoblins
  8 jackals
  30 kobolds
  7 quokkas
  9 ball pythons
  4 bats
  4 frilled lizards
  3 gnoll skeletons (Ossuary)
  4 gnoll zombies (Ossuary)
  A goblin skeleton (Ossuary)
  4 goblin zombies (Ossuary)
  2 hobgoblin skeletons (Ossuary)
  4 hobgoblin zombies (Ossuary)
  2 kobold skeletons (Ossuary)
  2 kobold zombies (Ossuary)
  3 orc skeletons (Ossuary)
  An orc zombie (Ossuary)
  A quokka skeleton (D:4)
  10 rats
  2 rat skeletons (Ossuary)
  2 rat zombies (Ossuary)
  4 fungi (Swamp:3)
  6 plants
1332 creatures vanquished.

Vanquished Creatures (others)
  2 spriggan druids (Swamp:4)
  2 deep elf magi (Elf:1)
  A spiny frog (Swamp:4)
  A tyrant leech (Swamp:3)
  A shadow (Swamp:1)
  A swamp worm (Swamp:3)
  A swamp drake (Swamp:4)
  2 wolves (Depths:2)
  A gnoll zombie (Ossuary)
  A gnoll skeleton (Ossuary)
  2 goblin skeletons (Ossuary)
  3 goblin zombies (Ossuary)
  2 hobgoblin skeletons (Ossuary)
  2 hobgoblin zombies (Ossuary)
  2 kobold skeletons (Ossuary)
  A kobold zombie (Ossuary)
  3 orc skeletons (Ossuary)
  2 rat skeletons (Ossuary)
  A rat zombie (Ossuary)
  22 fungi
  36 plants
89 creatures vanquished.

Grand Total: 1421 creatures vanquished

Notes
Turn   | Place    | Note
-------+----------+-------------------------------------------
     0 | D:1      | galech the Ogre Berserker began the quest for the Orb.
     0 | D:1      | Reached XP level 1. HP: 24/24 MP: 1/1
   206 | D:1      | Reached XP level 2. HP: 31/32 MP: 2/2
   425 | D:1      | Reached XP level 3. HP: 28/40 MP: 3/3
  1106 | D:2      | Reached ** piety under Trog
  1238 | D:2      | Found a bloodstained altar of Trog.
  1399 | D:2      | Found a white marble altar of Elyvilon.
  1422 | D:2      | Reached XP level 4. HP: 49/49 MP: 4/4
  2109 | D:2      | Reached XP level 5. HP: 53/55 MP: 5/5
  2130 | D:2      | Found a radiant altar of Vehumet.
  2131 | D:2      | Found a stormy altar of Qazlal.
  2385 | D:3      | Found a runed door.
  2386 | D:3      | Noticed an ogre
  2392 | D:3      | Noticed TheNamelessOne's ghost (amateur HuAK)
  2439 | D:3      | Found a blossoming altar of Fedhas.
  2536 | D:3      | Reached skill level 1 in Shields
  2775 | D:3      | Found a glowing drain.
  2812 | Sewer    | Entered a sewer
  3141 | Sewer    | Reached *** piety under Trog
  3243 | Sewer    | Reached XP level 6. HP: 61/65 MP: 6/6
  4726 | D:3      | Noticed Grinder
  4743 | D:3      | Killed Grinder
  4743 | D:3      | Reached skill level 5 in Fighting
  4743 | D:3      | Reached skill level 1 in Stealth
  4743 | D:3      | Reached XP level 7. HP: 39/72 MP: 7/7
  5107 | D:3      | Killed TheNamelessOne's ghost
  5246 | D:4      | Reached skill level 5 in Maces & Flails
  5246 | D:4      | Reached XP level 8. HP: 83/83 MP: 8/8
  5373 | D:4      | Reached skill level 5 in Dodging
  5556 | D:4      | Found a runed door.
  5799 | D:4      | Found a sand-covered staircase.
  5804 | Ossuary  | Entered an ossuary
  5811 | Ossuary  | Reached **** piety under Trog
  6048 | Ossuary  | Noticed Menkaure
  6061 | Ossuary  | Killed Menkaure
  6370 | D:4      | Noticed Crazy Yiuf
  6376 | D:4      | Killed Crazy Yiuf
  6432 | D:5      | Entered Level 5 of the Dungeon
  7217 | D:6      | Reached skill level 5 in Shields
  7282 | D:6      | Found a hide-covered altar of Uskayaw.
  7447 | D:6      | Reached XP level 9. HP: 67/92 MP: 9/9
  7636 | D:6      | Found an ancient bone altar of Kikubaaqudgha.
  7702 | D:6      | Found a glowing silver altar of Zin.
  7709 | D:6      | Found Zin's Purification Station.
  7714 | D:6      | Bought 2 potions of curing for 180 gold pieces
  7854 | D:6      | Found a deep blue altar of Sif Muna.
  7976 | D:6      | Found a staircase to the Ecumenical Temple.
  8429 | D:7      | Reached ***** piety under Trog
  8923 | D:8      | Noticed a two-headed ogre
  8934 | D:8      | Killed a two-headed ogre
  8934 | D:8      | Reached XP level 10. HP: 102/102 MP: 10/10
  9231 | D:8      | Found a sparkling altar of Nemelex Xobeh.
  9553 | D:8      | Got a jewelled mace
  9554 | D:8      | Identified the +5 mace "Jysy" {freeze, rPois Str+3 Dex+4} (You found it on level 8 of the Dungeon)
  9565 | D:8      | Received a gift from Trog
  9902 | D:8      | Found a snail-covered altar of Cheibriados.
 10468 | D:9      | Noticed a two-headed ogre
 10468 | D:9      | Noticed a death yak
 10485 | D:9      | Killed a two-headed ogre
 10612 | D:9      | Noticed a death yak
 10617 | D:9      | Noticed a death yak
 10633 | D:9      | Killed a death yak
 10633 | D:9      | Reached XP level 11. HP: 115/115 MP: 11/11
 10643 | D:9      | Killed a death yak
 10656 | D:9      | Killed a death yak
 10827 | D:9      | Found a staircase to the Lair.
 11213 | D:10     | Entered Level 10 of the Dungeon
 11288 | D:10     | Noticed Josephine
 11309 | D:10     | Killed Josephine
 11309 | D:10     | Reached skill level 10 in Maces & Flails
 11421 | D:10     | Noticed a deep elf mage
 11445 | D:10     | Killed a deep elf mage
 11499 | D:10     | Noticed Harold
 11525 | D:10     | Killed Harold
 11917 | D:10     | Noticed Erica
 11933 | D:10     | Killed Erica
 11936 | D:10     | Noticed a two-headed ogre
 12015 | D:10     | Killed a two-headed ogre
 12015 | D:10     | Reached XP level 12. HP: 126/126 MP: 12/12
 12350 | D:10     | Noticed Grum
 12367 | D:10     | Killed Grum
 12406 | Lair:1   | Entered Level 1 of the Lair of Beasts
 12424 | Lair:1   | Reached skill level 10 in Fighting
 12811 | Lair:1   | Received a gift from Trog
 12821 | Lair:1   | Got a jewelled demon whip {god gift}
 12822 | Lair:1   | Identified the +1 demon whip of Sitinul {slash, rPois rC+ rN+} (Trog gifted it to you on level 1 of the Lair of Beasts)
 13110 | Lair:1   | Noticed Nergalle
 13128 | Lair:1   | Killed Nergalle
 13806 | Lair:2   | Noticed an eight-headed hydra
 14152 | Lair:2   | Killed an eight-headed hydra
 14152 | Lair:2   | Reached skill level 10 in Shields
 14206 | Lair:2   | Found a runed gate.
 14206 | Lair:2   | Found a runed gate.
 14206 | Lair:2   | Found a runed gate.
 14503 | Lair:2   | Reached XP level 13. HP: 137/137 MP: 13/13
 14893 | Lair:2   | Reached ****** piety under Trog
 15254 | Lair:2   | Found a staircase to the Swamp.
 15548 | Lair:2   | Found a staircase to the Snake Pit.
 15559 | Lair:2   | Got an ancient robe
 15570 | Lair:2   | Identified the +4 robe of the King of the Hill {rElec rPois MR+++ Dex-3} (You found it on level 2 of the Lair of Beasts)
 15890 | Lair:2   | Noticed a death ooze
 15891 | Lair:2   | Noticed Etiuwnuo's ghost (journeyman DrFi)
 15894 | Lair:2   | Found a viscous altar of Jiyva.
 16114 | Lair:3   | Noticed Fannar
 16152 | Lair:3   | Killed Fannar
 16401 | Lair:3   | Received a gift from Trog
 16600 | Lair:3   | Identified The Foundations of Wizardry
 16715 | Lair:3   | Got a fabulously ornate robe
 16726 | Lair:3   | Identified the +4 robe of Limited Liability {rF+ rC+} (You found it on level 3 of the Lair of Beasts)
 16866 | Lair:3   | You fall through a shaft for 2 floors!
 17072 | Lair:5   | Reached skill level 10 in Dodging
 17311 | Lair:5   | Found a burning altar of Makhleb.
 17335 | Lair:5   | Noticed Rupert
 17749 | Lair:4   | Reached XP level 14. HP: 149/149 MP: 14/14
 18436 | Lair:4   | Reached skill level 5 in Stealth
 19105 | Lair:5   | Received a gift from Trog
 20106 | Lair:5   | Killed Rupert
 20461 | Lair:6   | Entered Level 6 of the Lair of Beasts
 20769 | Lair:6   | Found a runed door.
 20774 | Lair:6   | Found a viscous altar of Jiyva.
 20774 | Lair:6   | Found a staircase to the Slime Pits.
 21543 | Lair:6   | Reached XP level 15. HP: 158/162 MP: 15/15
 21691 | Lair:6   | Found a runed door.
 21784 | Lair:6   | Received a gift from Trog
 23080 | Lair:2   | Killed Etiuwnuo's ghost
 23297 | Lair:2   | Got a scintillating platinum ring
 23319 | Lair:2   | Identified the ring "Ytaeto Ycaeg" {*Tele Str+3} (You found it on level 2 of the Lair of Beasts)
 23823 | D:11     | Found a staircase to the Orcish Mines.
 24077 | D:11     | Received a gift from Trog
 24080 | D:11     | Got a translucent giant spiked club {god gift}
 24089 | D:11     | Identified the +7 giant spiked club "Beacloh" {elec, Str+4} (Trog gifted it to you on level 11 of the Dungeon)
 24347 | Orc:1    | Entered Level 1 of the Orcish Mines
 24349 | Orc:1    | Found Wiunko Ynooc's Armour Shop.
 24365 | Orc:1    | Noticed an orc warlord
 24396 | Orc:1    | Killed an orc warlord
 24532 | Orc:1    | You fall through a shaft!
 24532 | Orc:2    | Entered Level 2 of the Orcish Mines
 24693 | Orc:2    | Noticed an orc warlord
 24861 | Orc:2    | Found a staircase to the Elven Halls.
 25581 | Orc:1    | Found a bloodstained altar of Trog.
 25632 | Orc:1    | Found a bloodstained altar of Trog.
 26360 | Orc:2    | Received a gift from Trog
 26868 | Orc:2    | Found Panuqiq's Book Shop.
 26868 | Orc:2    | Found Ymah Nic's Food Emporium.
 26954 | Orc:2    | Found a roughly hewn altar of Beogh.
 27027 | Orc:2    | Killed an orc warlord
 27246 | Orc:2    | Received a gift from Trog
 27353 | Orc:2    | Found Nixziok's Food Emporium.
 27353 | Orc:2    | Found Kamaguy's Antique Armour Shop.
 27367 | Orc:2    | Bought a runed cloak for 292 gold pieces
 27577 | Swamp:1  | Entered Level 1 of the Swamp
 28302 | D:12     | Reached XP level 16. HP: 173/173 MP: 16/16
 28518 | D:13     | Found Eshops's Distillery.
 28526 | D:13     | Bought a potion of curing for 33 gold pieces
 28526 | D:13     | Bought a potion of curing for 33 gold pieces
 28526 | D:13     | Bought a potion of curing for 33 gold pieces
 28526 | D:13     | Bought a potion of heal wounds for 55 gold pieces
 29372 | D:14     | Found Xuyqixes's Magic Scroll Boutique.
 29380 | D:14     | Bought a scroll of fog for 28 gold pieces
 29380 | D:14     | Bought a scroll of magic mapping for 49 gold pieces
 29380 | D:14     | Bought a scroll of identify for 28 gold pieces
 29380 | D:14     | Bought a scroll of identify for 28 gold pieces
 29380 | D:14     | Bought a scroll of blinking for 105 gold pieces
 29380 | D:14     | Bought a scroll of identify for 28 gold pieces
 29380 | D:14     | Bought a scroll of identify for 28 gold pieces
 29400 | D:14     | Reached skill level 15 in Fighting
 29576 | D:14     | Noticed Urug
 29612 | D:14     | Received a gift from Trog
 29775 | D:14     | Killed Urug
 29836 | D:14     | Found a gate to the Vaults.
 30352 | D:15     | Entered Level 15 of the Dungeon
 30365 | D:15     | Noticed Azrael
 30386 | D:15     | Killed Azrael
 30460 | D:14     | Reached skill level 15 in Shields
 30855 | D:15     | Found Patrepn's Magic Scroll Boutique.
 30906 | D:15     | Bought a scroll of identify for 30 gold pieces
 30906 | D:15     | Bought a scroll of magic mapping for 52 gold pieces
 30906 | D:15     | Bought a scroll of magic mapping for 52 gold pieces
 30906 | D:15     | Bought a scroll of identify for 30 gold pieces
 30906 | D:15     | Bought a scroll of teleportation for 45 gold pieces
 30906 | D:15     | Bought a scroll of identify for 30 gold pieces
 30906 | D:15     | Bought a scroll of enchant weapon for 112 gold pieces
 31137 | D:15     | Noticed Roxanne
 31158 | D:15     | Killed Roxanne
 31471 | D:15     | Found a staircase to the Depths.
 32283 | Swamp:1  | Received a gift from Trog
 33210 | Swamp:1  | Reached XP level 17. HP: 187/187 MP: 17/17
 35432 | Swamp:3  | Received a gift from Trog
 36162 | Swamp:3  | Identified a scroll of acquirement
 36845 | Swamp:4  | Entered Level 4 of the Swamp
 38589 | Swamp:4  | Received a gift from Trog
 38938 | Swamp:4  | Got a decaying rune of Zot
 39066 | Swamp:4  | Found the +2 cloak of the Thief {+Fog Slay-2 SInv Stlth+}
 39685 | Depths:1 | Entered Level 1 of the Depths
 40065 | Depths:1 | Reached XP level 18. HP: 133/198 MP: 18/18
 41228 | Depths:1 | Got a warped wooden ring
 41230 | Depths:1 | Identified the ring of Sacorch {rPois rF- rC+ rN+ SInv} (You found it on level 1 of the Depths)
 41255 | Depths:1 | Found a gateway to Hell.
 42456 | Depths:2 | Received a gift from Trog
 42464 | Depths:2 | Got an ancient hand crossbow {god gift}
 43071 | Elf:1    | Entered Level 1 of the Elven Halls
 44209 | Elf:1    | Received a gift from Trog
 45173 | Elf:2    | Found a huge runed gate.
 45173 | Elf:2    | Found a huge runed gate.
 45184 | Elf:2    | Noticed a deep elf master archer
 45184 | Elf:2    | Noticed a deep elf master archer
 45622 | Snake:1  | Entered Level 1 of the Snake Pit
 45782 | Snake:1  | Reached skill level 15 in Maces & Flails
 45782 | Snake:1  | Reached XP level 19. HP: 210/210 MP: 19/19
 46393 | Snake:1  | Found Gozuph's Jewellery Emporium.
 46393 | Snake:1  | Found Xepsogh's Gadget Boutique.
 46394 | Snake:1  | Found Uwun's Gadget Boutique.
 47073 | Snake:2  | Received a gift from Trog
 47134 | Snake:2  | Found a runed door.
 47135 | Snake:2  | Noticed Zuyrom's ghost (journeyman TrFi)
 47171 | Snake:2  | Killed Zuyrom's ghost
 47434 | Snake:2  | Found Jinang's Distillery.
 47442 | Snake:2  | Bought a potion of heal wounds for 75 gold pieces
 47442 | Snake:2  | Bought a potion of heal wounds for 75 gold pieces
 49128 | Snake:4  | Entered Level 4 of the Snake Pit
 49750 | Snake:4  | Received a gift from Trog
 51371 | Snake:4  | Received a gift from Trog
 51406 | Snake:4  | HP: 1/214 [naga sharpshooter/bolt (22)]
 51406 | Snake:4  | Shot with a bolt by a naga sharpshooter

Vault maps used:
D:1:      giann_wishing_wells, minivault_4, glass_columns_a, minmay_unequal
D:2:      lightli_temple_of_fire, lemuel_doored_altar,
          nicolae_overflow_hidden_temple, minmay_domino_4
D:3:      fedhas_altar_2, gup_sewer_entry_bubbles, ebering_ghost_inner_flame,
          st_stairs_10, uniq_grinder
D:4:      cheibrodos_thug_alley, enter_ossuary_2, uniq_crazy_yiuf_cottage
D:5:      first_ration
D:6:      lemuel_crystal_altar, old_standard_altar, zin_purify,
          lemuel_temple_firewalk_b, basic_altar, grunt_ministairs_3
D:8:      lemuel_crystal_altar, kennysheep_mini
D:9:      dpeg_lair_monsters
D:10:     uniq_grum, uniq_erica, uniq_harold, uniq_josephine
D:11:     hiddenorc2_lemuel
D:13:     serial_shops, shop
D:14:     david_vaults_3, grunt_decor_cap, serial_shops, shop,
          blue_anna_alchemist, minmay_statue_bubble
D:15:     hangedman_depths_entry_try_elsewhere_first, serial_shops, shop,
          uniq_azrael, uniq_roxanne
Lair:1:   st_stairs_7, grunt_megastairs_1, serial_bayou_shore_a, uniq_nergalle
Lair:2:   minmay_swamp_entry_swarm, dummy_snake_entry, gammafunk_ghost_ooze,
          portal_ice_cave_entry_ice_beasts, beast_lair_carwin_1,
          grunt_megastairs_2
Lair:3:   grunt_megastairs_4, uniq_fannar
Lair:4:   ldierk_geyser, minivault_24, grunt_megastairs_3
Lair:5:   basic_altar, minmay_lair_drake_nest, grunt_megastairs_5, uniq_rupert
Lair:6:   guppyfry_lair_end_dragon, wormcave, slime_altar_2
Swamp:1:  nicolae_swamp_trees_clearing
Swamp:2:  evilmike_swamp_ruin_house_4, swamp_pool1
Swamp:3:  hangedman_swamp_blocks, water_boxes_lemuel, infiniplex_staircase_pool
Swamp:4:  grunt_swamp_rune_castle
Snake:1:  cheibrodos_forgotten_conduit, minmay_shop_grove
Snake:2:  gammafunk_ghost_grave, serial_shops, shop
Snake:4:  snake_pit_salamanders_mu, serial_bayou_shore_b, serial_bayou_shore_b
Orc:1:    basic_altar, serial_shops, shop, trog_hazing_becter
Orc:2:    st_orc_town
Elf:1:    minmay_elf_arrival_summoners, hangedman_corner_corridor
Elf:2:    door_vault
Depths:1: nicolae_lava_and_water, grunt_hell_entry_dis_old, wad_dig_loot
Depths:2: lemuel_river_lethe, hell_entry
Sewer:    sewer_co_scattered_pipes
Ossuary:  ossuary_due_pyramid

Skill      XL: |  1  2  3  4  5  6  7  8  9 10 11 12 13 14 15 16 17 18 19 |
---------------+----------------------------------------------------------+-----
Dodging        | 3 4 5 6 7 8 9 10 11 12 13 14 | 14.7
Maces & Flails | 3 4 5 6 7 9 10 11 12 13 14 15 | 15.4
Shields        | 2 4 5 6 7 9 10 11 13 14 15 16 17 18 | 18.4
Fighting       | 5 6 7 9 11 12 13 14 15 16 17 18 | 18.7
Stealth        | 1 2 3 4 5 6 |  6.6
Evocations     | |  0.1

Action                   |  1- 3 |  4- 6 |  7- 9 | 10-12 | 13-15 | 16-18 | 19-21 || total
-------------------------+-------+-------+-------+-------+-------+-------+-------++-------
Melee: Mace              |   106 |   371 |   451 |   534 |       |       |       ||  1462
       Demon whip        |       |       |       |   216 |  2291 |  2802 |   892 ||  6201
Invok: Berserk           |     1 |     6 |     8 |    13 |    15 |    17 |     4 ||    64
       Trog's Hand       |       |       |     3 |     3 |     3 |     5 |     3 ||    17
Evoke: Wand              |       |       |       |       |       |     1 |       ||     1
  Use: Scroll            |       |     8 |     4 |    12 |    13 |     9 |     3 ||    49
       Potion            |       |       |       |       |     1 |     5 |     1 ||     7
 Stab: Sleeping          |       |     1 |     8 |     2 |    16 |    11 |     8 ||    46
       Distracted        |       |       |       |     1 |     2 |     6 |     2 ||    11
  Eat: Chunk             |     2 |    13 |    11 |    21 |    48 |    43 |     5 ||   143
       Ration            |       |     2 |     3 |     3 |     4 |    10 |     5 ||    27
Armor: Animal skin       |    34 |    89 |    65 |       |       |       |       ||   188
       Robe              |       |       |     2 |    90 |   178 |   231 |    58 ||   559
Dodge: Dodged            |    50 |    53 |    52 |   168 |   468 |   822 |   192 ||  1805
Block: Large shield      |    13 |   235 |   360 |   635 |  1616 |  2202 |   658 ||  5719

Table legend:
 A = Spawn XP
 B = Non-spawn XP
 C = Spawn XP percentage of total XP
 D = Spawn monster count
 E = Non-spawn monster count
 F = Spawn count percentage of total count
 G = Total turns spent on level
                    A         B        C        D         E        F      G
               +---------+---------+-------+---------+---------+-------+---------
         Total |       0 |  392781 |   0.0 |       0 |    1320 |   0.0 | 51406
               +---------+---------+-------+---------+---------+-------+---------
           D:1 |       0 |      41 |   0.0 |       0 |      24 |   0.0 |   967
           D:2 |       0 |     127 |   0.0 |       0 |      23 |   0.0 |  1406
           D:3 |       0 |     855 |   0.0 |       0 |      27 |   0.0 |  1519
           D:4 |       0 |     695 |   0.0 |       0 |      23 |   0.0 |   941
           D:5 |       0 |     211 |   0.0 |       0 |       4 |   0.0 |   816
           D:6 |       0 |     768 |   0.0 |       0 |      10 |   0.0 |   844
           D:7 |       0 |     955 |   0.0 |       0 |      33 |   0.0 |   677
           D:8 |       0 |    2381 |   0.0 |       0 |      26 |   0.0 |  1220
           D:9 |       0 |    6158 |   0.0 |       0 |      36 |   0.0 |  1586
          D:10 |       0 |    6922 |   0.0 |       0 |      35 |   0.0 |  1004
          D:11 |       0 |    2579 |   0.0 |       0 |      44 |   0.0 |  1186
          D:12 |       0 |    4051 |   0.0 |       0 |      12 |   0.0 |   559
          D:13 |       0 |    7373 |   0.0 |       0 |      29 |   0.0 |   865
          D:14 |       0 |   15622 |   0.0 |       0 |      51 |   0.0 |  1486
          D:15 |       0 |   15611 |   0.0 |       0 |      27 |   0.0 |  1145
        Lair:1 |       0 |    7876 |   0.0 |       0 |      40 |   0.0 |  2008
        Lair:2 |       0 |   15596 |   0.0 |       0 |      66 |   0.0 |  2510
        Lair:3 |       0 |    6832 |   0.0 |       0 |      32 |   0.0 |  1133
        Lair:4 |       0 |   13661 |   0.0 |       0 |      37 |   0.0 |  1606
        Lair:5 |       0 |   11058 |   0.0 |       0 |      34 |   0.0 |  1846
        Lair:6 |       0 |   26352 |   0.0 |       0 |      81 |   0.0 |  2515
       Swamp:1 |       0 |   17582 |   0.0 |       0 |      45 |   0.0 |  1438
       Swamp:2 |       0 |   12208 |   0.0 |       0 |      29 |   0.0 |  1644
       Swamp:3 |       0 |   13874 |   0.0 |       0 |      31 |   0.0 |  2701
       Swamp:4 |       0 |   25465 |   0.0 |       0 |      64 |   0.0 |  1457
       Snake:1 |       0 |   12324 |   0.0 |       0 |      23 |   0.0 |  1074
       Snake:2 |       0 |   10466 |   0.0 |       0 |      18 |   0.0 |   807
       Snake:3 |       0 |   14657 |   0.0 |       0 |      27 |   0.0 |  1625
       Snake:4 |       0 |   41454 |   0.0 |       0 |      56 |   0.0 |  2278
         Orc:1 |       0 |    4695 |   0.0 |       0 |      38 |   0.0 |  1047
         Orc:2 |       0 |   22982 |   0.0 |       0 |     123 |   0.0 |  2952
         Elf:1 |       0 |   23788 |   0.0 |       0 |      40 |   0.0 |  1579
      Depths:1 |       0 |   26968 |   0.0 |       0 |      32 |   0.0 |  2695
      Depths:2 |       0 |   20439 |   0.0 |       0 |      48 |   0.0 |   597
         Sewer |       0 |      46 |   0.0 |       0 |      23 |   0.0 |  1324
       Ossuary |       0 |     109 |   0.0 |       0 |      29 |   0.0 |   324
               +---------+---------+-------+---------+---------+-------+---------
